 Dungeon Crawl Stone Soup version 0.28-a0-1087-gf3fc490d9d (webtiles) character file.

Game seed: 6241063818273839552

2 fragbeetle the Grasshopper (level 1, 0/17 HPs)
             Began as a Palentonga Warper on Dec 11, 2021.
             Slain by a quokka (2 damage)
             ... on level 1 of the Dungeon.
             The game lasted 00:00:17 (48 turns).

fragbeetle the Grasshopper (Palentonga Warper)        Turns: 48, Time: 00:00:17

Health: 0/17       AC:  4    Str: 14    XL:     1   Next: 25%
Magic:  3/3        EV:  9    Int: 13    God:
Gold:   0          SH:  0    Dex:  9    Spells: 4/4 levels left

rFire   . . .      SeeInvis +   a - +0 mace
rCold   . . .      Faith    .   (no shield)
rNeg    . . .      Spirit   .   b - +0 leather armour
rPois   .          Reflect  .   (no helmet)
rElec   .          Harm     .   (no cloak)
rCorr   .          Rampage  .   (no gloves)
Will    .....                   (no barding)
Stlth   +.........              (no amulet)
HPRegen 0.05/turn               (no ring)
MPRegen 0.08/turn               (no ring)

@: no status effects
A: large, rugged brown scales 3, see invisible, deformed body, roll 1, armoured
tail
a: Rolling Charge


You were on level 1 of the Dungeon.
You visited 1 branch of the dungeon, and saw 1 of its levels.

Inventory:

Hand Weapons
 a - a +0 mace (weapon)
Missiles
 d - 5 boomerangs of dispersal (quivered)
Armour
 b - a +0 leather armour (worn)
Scrolls
 c - a scroll of blinking


   Skills:
 + Level 2.0 Fighting
 + Level 2.1 Maces & Flails
 + Level 0.6 Throwing
 + Level 0.7 Armour
 + Level 1.5 Dodging
 + Level 2.0 Spellcasting
 + Level 3.0 Translocations


You had 4 spell levels left.
You didn't know any spells.
Your spell library contained the following spells:

 Spells                   Type           Power      Damage    Failure   Level
 Blink                    Tloc           18%        N/A       14%         2
 Gell's Gravitas          Tloc           9%         N/A       28%         3
 Lesser Beckoning         Tloc           9%         N/A       28%         3
 Teleport Other           Tloc           9%         N/A       28%         3
 Manifold Assault         Tloc           9%         N/A       95%         5


Dungeon Overview and Level Annotations

Branches:
Dungeon (1/15)

Altars:


Innate Abilities, Weirdness & Mutations

You are completely covered in rugged brown scales. (AC +3, +7% HP)
You have supernaturally acute eyesight. (SInv)
Armour fits poorly on your strangely shaped body.
You can roll at nearby foes to attack.
You have a long armoured tail.


Message History

The bat hits you but does no damage. The bat hits you but does no damage.
The bat closely misses you. The bat barely misses you.
The kobold hits you with a +0 club.
You closely miss the bat. The bat hits you but does no damage.
The bat closely misses you. The kobold hits you but does no damage.
The quokka bites you but does no damage.
The bat hits you but does no damage. The kobold hits you with a +0 club.
The quokka barely misses you.
You barely miss the quokka. The bat closely misses you.
The bat hits you but does no damage. The quokka misses you.
The kobold hits you with a +0 club. The bat completely misses you.
The bat hits you but does no damage. The bat hits you. The quokka bites you.
You closely miss the quokka. The bat hits you. The bat barely misses you.
The bat closely misses you. The quokka misses you.
You miss the quokka. The bat hits you but does no damage.
The quokka bites you but does no damage. x2
You closely miss the quokka. The kobold hits you with a +0 club.
The quokka bites you.
* * * LOW HITPOINT WARNING * * *
The kobold closely misses you.
You closely miss the quokka. The quokka closely misses you.
The kobold barely misses you. The quokka closely misses you.
You barely miss the quokka. The kobold closely misses you.
The quokka bites you but does no damage.
You closely miss the quokka. The quokka barely misses you.
The kobold hits you but does no damage. The quokka completely misses you.
The kobold barely misses you.
You hit the kobold.
Your tail-slap misses the kobold.
The kobold is heavily wounded.
The quokka bites you.
* * * LOW HITPOINT WARNING * * *
The kobold closely misses you.
You sock the kobold!
You kill the kobold!
The bat hits you but does no damage.
The quokka bites you but does no damage.
The quokka bites you.
You die...

......÷....÷...# .........
...............# .........
...............##.........
#...............##........
###∩∩∩##.###...∩##........
######.#∩....# #......$.
##.∩∩....###b.......
#....÷....#).†.....$
##.##.....@r########
#.##.......# #.÷........#
#.......∩### #.####∩.##
### ####


You could see a quokka and a bat.

Vanquished Creatures
  A ball python (D:1)
  A kobold (D:1)
  A bat (D:1)
3 creatures vanquished.

Notes
Turn   | Place    | Note
-------+----------+-------------------------------------------
     0 | D:1      | fragbeetle the Palentonga Warper began the quest for the
                  | Orb.
     0 | D:1      | Reached XP level 1. HP: 17/17 MP: 3/3
    48 | D:1      | Slain by a quokka

Illustrated notes

Levels and vault maps discovered:
D:1:      amcnicky_arrival_abandoned_market, layout_rooms,
          dreamdust_ecumenical_altar_statues, minmay_misc_feat_columns

Action                   || total
-------------------------++-------
Melee: Mace              ||    14
       Tailslap          ||     1
Armor: Leather armour    ||    17
Dodge: Dodged            ||    21

Table legend: (Time is in decaauts)
 A = Elapsed time spent in this place.
 B = Non-inter-level travel time spent in this place.
 C = Inter-level travel time spent in this place.
 D = Time resting spent in this place.
 E = Time spent auto-exploring this place.
 F = Levels seen in this place.
 G = Mean time per level.
                   A        B        C        D        E       F      G
               +--------+--------+--------+--------+--------+-----+--------+
         Total |     51 |     51 |      0 |      0 |     21 |   1 |   51.0 |
       Dungeon |     51 |     51 |      0 |      0 |     21 |   1 |   51.0 |
               +--------+--------+--------+--------+--------+-----+--------+

Top non-repeatable levels by time:
     D:1: 51 daAuts
